 Dungeon Crawl Stone Soup version 0.18-a0-965-g9200175 (webtiles) character file.

72 Duffy the Insei (level 4, 35/35 HPs)
             Began as a Demonspawn Monk on Jan 2, 2016.
             Quit the game on level 3 of the Dungeon.
             The game lasted 00:02:26 (2088 turns).

Duffy the Insei (Demonspawn Monk)                   Turns: 2088, Time: 00:02:26

Health: 35/35      AC:  6    Str:  8    XL:     4   Next: 6%
Magic:  4/4        EV: 11    Int: 11    God:
Gold:   116        SH:  0    Dex: 16    Spells: 0 memorised, 3 levels left

rFire  . . .     SeeInvis .       - Unarmed
rCold  . . .     Gourm    .     m - +1 ring mail {rPois}
rNeg   . . .     Faith    .     (no shield)
rPois  +         Spirit   .     (helmet restricted)
rElec  .         Dismiss  .     (no cloak)
rCorr  .         Reflect  .     (no gloves)
SustAt .         Harm     .     (no boots)
MR     .....                    (no amulet)
Stlth  +.........               l - -4 ring of strength (curse)
                                k - ring of loudness (curse)

@: not resistant to hostile enchantments, very unstealthy
A: antennae 1, nightstalker 1
a: no special abilities


You were on level 3 of the Dungeon.
You were not hungry.

You visited 1 branch of the dungeon, and saw 3 of its levels.

You collected 116 gold pieces.


Innate Abilities, Weirdness & Mutations

You have a pair of small antennae on your head.
You are slightly more attuned to the shadows.


   Skills:
 - Level 3.0 Fighting
 - Level 2.6 Dodging
 - Level 1.7 Stealth
 + Level 5.1 Unarmed Combat


You had 3 spell levels left.
You didn't know any spells.

Inventory:

Armour
 a - a +0 robe
 c - a +0 ring mail
 m - a +1 ring mail of poison resistance (worn)
Jewellery
 k - a cursed ring of loudness (left hand)
 l - a cursed -4 ring of strength (right hand)
Scrolls
 f - 2 scrolls of identify {unknown}
 g - 2 scrolls of fog {unknown}
 h - a scroll of immolation {unknown}
 o - a scroll of random uselessness {unknown}
Potions
 e - a potion of flight {unknown}
 i - a potion of curing {unknown}
 j - a potion of heal wounds {unknown}
Comestibles
 b - 2 bread rations
 d - 2 beef jerkies
 n - 2 chunks of flesh

Dungeon Overview and Level Annotations

Branches:
Dungeon (3/15)

Altars:
Makhleb
Zin


Message History

There is a stone staircase leading down here.
You climb downwards.
There is a stone staircase leading up here.
HP restored.
You sense a monster nearby.
Found a stone staircase leading down.
A rat comes into view.
You see here 13 gold pieces.
The helpless rat fails to defend itself.
You punch the rat!
You kill the rat!
No target in view!
No target in view!
You now have 116 gold pieces (gained 13).
An orc comes into view. It is wielding a club.
The orc shouts!
Found a scroll labeled VIACUYRISH.
You punch the orc!
You kill the orc!
No target in view!
No target in view!
Things that are here:
a club; an orc corpse You butcher the orc corpse.
n - 3 chunks of flesh You see here a club.
Eating one of 3 chunks of flesh.
This raw flesh tastes terrible.
You continue eating. x2
A bat comes into view.
You punch the bat!
You kill the bat!
No target in view!
No target in view!
o - a scroll labeled VIACUYRISH Are you sure you want to abandon this character and quit the game? (Confirm with "yes".)

##.##.#..#.#
#..##.....#
#....##.## #
#.)...#.# ##..
#..###.#.#...
#...####...#.####
..................
...########.#.##..
#.. #@...# #.
#....# ...#.#
#..##.# ...# #
#.#.# #.#..


There were no monsters in sight!

Action                   |  1- 3 |  4- 6 || total
-------------------------+-------+-------++-------
Melee: Unarmed           |   142 |     3 ||   145
 Stab: Sleeping          |     4 |     1 ||     5
  Eat: Chunk             |     2 |     2 ||     4

Notes
Turn   | Place    | Note
--------------------------------------------------------------
     0 | D:1      | Duffy the Demonspawn Monk began the quest for the Orb.
     0 | D:1      | Reached XP level 1. HP: 18/18 MP: 1/1
   192 | D:1      | Reached skill level 4 in Unarmed Combat
   330 | D:1      | Gained mutation: You are slightly more attuned to the shadows. [demonic ancestry]
   330 | D:1      | Reached XP level 2. HP: 24/24 MP: 2/2
   978 | D:2      | Reached XP level 3. HP: 25/29 MP: 3/3
  1495 | D:2      | Found a burning altar of Makhleb.
  1634 | D:2      | Reached skill level 5 in Unarmed Combat
  1962 | D:2      | Found a glowing silver altar of Zin.
  2034 | D:3      | Gained mutation: You have a pair of small antennae on your head. [demonic ancestry]
  2034 | D:3      | Reached XP level 4. HP: 32/35 MP: 4/4
  2088 | D:3      | Quit the game

Vault maps used:
D:1:      minmay_arrival_four_loops, minivault_23, minmay_misc_feat_iff
D:2:      nicolae_overflow_hidden_temple, minivault_19, minmay_cupped
D:3:      first_bread, st_stairs_7, minmay_fountain_box, minmay_joined_circles

Vanquished Creatures
  2 adders
  An ooze
  A worm
  2 giant geckos
  An orc
  6 giant cockroaches
  2 goblins
  8 hobgoblins
  2 quokkas
  4 bats
  A giant newt
  6 kobolds
  5 rats
41 creatures vanquished.
